 Dungeon Crawl Stone Soup version 0.19-a0-1025-g778f431 (webtiles) character file.

207 4thArraOfDagon the Chopper (level 6, -1/70 HPs)
             Began as a Human Berserker on July 28, 2016.
             Was a Follower of Trog.
             Slain by Edmund
             ... wielding a +2 flail of draining
              (4 damage)
             ... on level 5 of the Dungeon.
             The game lasted 00:02:46 (521 turns).

4thArraOfDagon the Chopper (Human Berserker)         Turns: 521, Time: 00:02:47

Health: -1/70      AC:  5    Str: 23 (24) XL:     6   Next: 11%
Magic:  6/6        EV: 11    Int:  6 (8)  God:    Trog [*.....]
Gold:   96         SH:  0    Dex: 10 (12) Spells: 0 memorised, 5 levels left

rFire  . . .     SeeInvis .     a - +0 hand axe
rCold  . . .     Gourm    .     h - +0 ring mail
rNeg   . . .     Faith    .     (no shield)
rPois  .         Spirit   .     (no helmet)
rElec  .         Dismiss  .     (no cloak)
rCorr  .         Reflect  .     (no gloves)
SustAt .         Harm     .     (no boots)
MR     .....                    (no amulet)
Stlth  ..........               (no ring)
                                o - ring of loudness (curse)

@: berserking (expiring), very quick, not resistant to hostile enchantments,
extremely unstealthy
A: no striking features
a: Berserk, Burn Spellbooks, Renounce Religion


You were on level 5 of the Dungeon.
You worshipped Trog.
Trog was aware of your devotion.
You were not hungry.

You visited 1 branch of the dungeon, and saw 5 of its levels.

You collected 96 gold pieces.

Inventory:

Hand Weapons
 a - a +0 hand axe (weapon)
Armour
 b - a +0 animal skin
 h - a +0 ring mail (worn)
Jewellery
 o - a cursed ring of loudness (left hand)
Wands
 j - a wand of slowing (37/48)
Scrolls
 d - 2 scrolls of teleportation {unknown}
 e - 2 scrolls of enchant weapon {unknown}
 f - 2 scrolls of enchant armour {unknown}
 k - a scroll of remove curse {unknown}
Comestibles
 c - 2 bread rations
 g - a royal jelly
 i - a meat ration


   Skills:
 - Level 3.0 Fighting
 * Level 5.5 Axes
 + Level 3.6 Armour
 - Level 2.0 Dodging


You had 5 spell levels left.
You didn't know any spells.

Dungeon Overview and Level Annotations

Branches:
Dungeon (5/15)             Temple (0/1) D:4

Altars:

Annotations:
D:5 Edmund


Message History

You slash the orc!
You kill the orc!
Trog accepts your kill.
You hit Edmund but do no damage. Edmund hits you but does no damage.
You closely miss Edmund. You closely miss Edmund.
Edmund hits you but does no damage.
You hit Edmund.
Edmund is lightly wounded.
You barely miss Edmund.
Edmund is lightly wounded.
Edmund hits you with a flail of draining.
* * * LOW HITPOINT WARNING * * *
You hit Edmund.
Edmund is lightly wounded.
You barely miss Edmund.
Edmund is lightly wounded.
You feel less woody.
Your +0 ring mail unmelds from your body.
Edmund hits you with a flail of draining.
You die...

#.# #........
####.######........
#.....@...#........
#...............o..
#.#.......#........
#.#####.#........
#...@..).....(... #
#@#..#........... #.#
#@#..#.....####..
###.######.#..#.....# .
........<..#..###.....
######.#...####.......(...#
#...............####......#
#.................##......#
#.................##......#
#.................#
#.......##........#


You could see Edmund.

Vanquished Creatures
  An ice beast (D:5)
  An orc priest (D:5)
  An orc wizard (D:5)
  A howler monkey zombie (D:5)
  3 adders
  2 giant geckos
  3 orcs
  A bat (D:2)
  A goblin (D:3)
  A hobgoblin (D:3)
  A giant newt (D:4)
  4 kobolds
  3 rats
23 creatures vanquished.

Notes
Turn   | Place    | Note
-------+----------+-------------------------------------------
     0 | D:1      | 4thArraOfDagon the Human Berserker began the quest for the Orb.
     0 | D:1      | Reached XP level 1. HP: 18/18 MP: 1/1
    70 | D:1      | HILARIOUS
   119 | D:2      | Reached XP level 2. HP: 9/24 MP: 2/2
   214 | D:3      | Reached XP level 3. HP: 21/29 MP: 3/3
   313 | D:4      | Found a staircase to the Ecumenical Temple.
   404 | D:5      | Entered Level 5 of the Dungeon
   411 | D:5      | Reached skill level 4 in Axes
   465 | D:5      | Noticed an ice beast
   474 | D:5      | Reached XP level 4. HP: 35/35 MP: 4/4
   482 | D:5      | Killed an ice beast
   482 | D:5      | Reached skill level 5 in Axes
   482 | D:5      | Reached XP level 5. HP: 13/41 MP: 5/5
   483 | D:5      | Reached XP level 6. HP: 15/47 MP: 6/6
   484 | D:5      | Noticed Edmund
   491 | D:5      | HP: 2/47 [orc/flail (6)]
   497 | D:5      | HP: 1/70 [orc/flail (3)]
   519 | D:5      | HP: 4/105 [Edmund/flail of draining (4)]
   521 | D:5      | Slain by Edmund

Vault maps used:
D:1:      lemuel_arrival_rhombus
D:2:      overflow_temple_1_default
D:3:      first_bread, hangedman_decor_peaks_small
D:4:      serial_shops, shop
D:5:      uniq_edmund, uniq_eustachio

Skill      XL: |  1  2  3  4 |
---------------+-------------+-----
Axes           | 4 5 |  5.5
Armour         | 3 |  3.6
Fighting       | |  3.0
Dodging        | |  2.0

Action                   |  1- 3 |  4- 6 || total
-------------------------+-------+-------++-------
Melee: Hand axe          |    68 |    23 ||    91
Invok: Berserk           |     5 |     1 ||     6
  Use: Potion            |     1 |     3 ||     4
  Eat: Chunk             |     3 |       ||     3
       Pizza             |       |     1 ||     1
Armor: Animal skin       |     3 |       ||     3
       Ring mail         |     9 |     2 ||    11
       Skin              |       |    17 ||    17
Dodge: Dodged            |    50 |     5 ||    55
